 Dungeon Crawl Stone Soup version bcrawl-1.37 (webtiles) character file.

Game seed: 57019298294603618

292487 Cel the Severer (level 10, -1/120 HPs)
             Began as a Minotaur Berserker on Sept 23, 2022.
             Was a High Priest of Trog.
             Slain by an orc priest
             ... wielding a +0 trident
              (10 damage)
             ... on level 8 of the Dungeon on Sept 24, 2022.
             The game lasted 00:24:32 (7601 turns).

Cel the Severer (Minotaur Berserker)                Turns: 7601, Time: 00:24:32

Health: -1/120     AC: 13    Str: 31    XL:     10   Next: 1%
Magic:  5/5        EV:  8    Int:  4    God:    Trog [*****.]
Gold:   617        SH:  0    Dex:  9    Spells: 9/9 levels left

rFire    . . .     GDR:     23% C - +10 executioner's axe (antimagic)
rCold    . . .     SeeInvis .   (shield currently unavailable)
rNeg     . . .     Gourm    .   j - +0 plate armour
rPois    .         Faith    .   u - +2 hat
rElec    .         Spirit   .   (no cloak)
rCorr    .         Reflect  .   (no gloves)
MR       +++..                  (no boots)
Stlth    ..........             (no amulet)
HPRegen  1.60/turn              (no ring)
MPRegen  0.09/turn              (no ring)

@: berserking, lethally poisoned (-1 -> -2), swift, regenerating, very quick
A: retaliatory headbutt, horns 2
a: Berserk, Trog's Hand, Brothers in Arms, Renounce Religion


You were on level 8 of the Dungeon.
You worshipped Trog.
Trog was extremely pleased with you.
You were near starving.

You visited 1 branch of the dungeon, and saw 8 of its levels.

You collected 617 gold pieces.

Inventory:

Hand Weapons
 a - a +0 hand axe
 C - a +10 antimagic executioner's axe (weapon)
Missiles
 n - 1004 stones (quivered)
 w - 228 poisoned tomahawks
Armour
 b - a +0 animal skin
 d - a +0 ring mail
 j - a +0 plate armour (worn)
 m - a +0 pair of gloves
 u - a +2 hat (worn)
Jewellery
 g - a +2 ring of evasion {unknown}
 k - an uncursed ring of protection from magic {unknown}
 l - a cursed ring of attention {unknown}
 x - a +5 ring of protection {unknown}
 y - an uncursed amulet of guardian spirit {unknown}
Wands
 v - a wand of polymorph (7)
 z - a wand of scattershot (9)
 E - a wand of random effects (5)
 F - a wand of paralysis (7)
Scrolls
 c - 6 scrolls of teleportation
 i - 2 scrolls of identify
 q - 2 scrolls of remove curse
 B - a scroll of immolation
Potions
 f - a potion of flight
 h - a potion of lignification
 o - a potion of might {unknown}
 p - a potion of haste
 r - a potion of mutation {unknown}
 s - a potion of curing {unknown}
 A - a potion of degeneration {unknown}
 D - a potion of invisibility {unknown}
 H - a potion of heal wounds {unknown}
 I - a potion of brilliance {unknown}
Comestibles
 e - 11 rations {!d}


   Skills:
 - Level 4.3 Fighting
 + Level 15.9 Axes
 - Level 2.4 Armour
 - Level 3.1 Dodging
 - Level 1.5 Evocations


You had 9 spell levels left.
You didn't know any spells.
Your spell library was empty.

Dungeon Overview and Level Annotations

Branches:
Dungeon (8/12)             Temple (0/1) D:6
   Lair: D:7-9          Orc: D:8-11

Altars:
Dithmenos
Elyvilon
Okawaru
Qazlal
Ru
Yredelemnul
Zin

Shops:
D:7 %*

Annotations:
D:8 Maurice


Innate Abilities, Weirdness & Mutations

You reflexively headbutt those who attack you in melee.
You have a pair of horns on your head.


Message History

Something writhes in agony!
The orc throws a poisoned tomahawk.
The poisoned tomahawk hits you but does no damage.
You are more poisoned.
You hear a zap.
A puff of flame appears from out of thin air!
The puff of flame hits you.
* * * LOW HITPOINT WARNING * * *
Your skin crawls.
You are feeling very hungry.
You feel sick.
The orc throws a poisoned tomahawk.
The poisoned tomahawk closely misses you.
Maurice strikes at you from the darkness!
Reactivating autopickup.
The orc priest closely misses you.
A red film seems to cover your vision as you go berserk!
You feel yourself moving faster!
You feel mighty!
You are near starving!
You feel sick. Maurice hits you with a +0 dagger.
The orc priest hits you from afar with a +0 trident!
You die...

..J# # #...# . ###
#@o.# .# #.# #...# #.#
. #.#####...#####...
....##)#..........)....
#..oo..........ยง)o...
#.##@#o.........(o.o.
####@#####...#####..o
#..)# #...# ### #####
#...# #...# ##.## .. ..
..#


You could see Maurice, an orc priest and an orc.

Vanquished Creatures
  A harpy skeleton (D:7)
  3 hippogriffs
  A hungry ghost (D:7)
  Duvessa (D:6)
  2 ice beasts
  5 orc warriors
  2 ogres
  A sky beast (D:4)
  A boggart (D:7)
  A phantom (D:7)
  3 bullfrogs
  2 kobold brigands
  Dowan (D:6)
  A scorpion (D:4)
  6 orc priests
  4 crimson imps
  A bullfrog zombie (D:4)
  3 hounds (D:4)
  3 jellies
  3 bullfrog skeletons
  6 orc wizards
  4 iguanas
  10 worker ants
  A hound zombie (D:8)
  7 gnolls
  2 adders
  A shadow imp (D:7)
  2 oozes
  An adder skeleton (D:6)
  2 adder zombies
  6 worms
  2 dart slugs
  4 leopard geckos
  48 orcs
  5 giant cockroaches
  4 goblins
  7 hobgoblins
  14 jackals
  12 kobolds
  5 quokkas
  7 bats
  6 frilled lizards
  7 rats
208 creatures vanquished.

Notes
Turn   | Place    | Note
-------+----------+-------------------------------------------
     0 | D:1      | Cel the Minotaur Berserker began the quest for the Orb.
     0 | D:1      | Reached XP level 1. HP: 19/19 MP: 0/0
   147 | D:1      | Reached skill level 4 in Axes
   151 | D:1      | Reached XP level 2. HP: 18/26 MP: 1/1
   732 | D:1      | Reached skill level 5 in Axes
  1018 | D:2      | Reached ** piety under Trog
  1022 | D:2      | Reached XP level 3. HP: 31/31 MP: 2/2
  1221 | D:2      | Found a sacrificial altar of Ru.
  1228 | D:2      | Found a glowing silver altar of Zin.
  1501 | D:2      | Found an iron altar of Okawaru.
  1864 | D:3      | Reached skill level 6 in Axes
  1864 | D:3      | Reached XP level 4. HP: 38/39 MP: 3/3
  2156 | D:3      | Reached skill level 7 in Axes
  2156 | D:3      | Reached XP level 5. HP: 21/45 MP: 4/4
  2363 | D:3      | Reached skill level 8 in Axes
  2370 | D:3      | Reached *** piety under Trog
  2916 | D:4      | Reached XP level 6. HP: 45/51 MP: 5/5
  3008 | D:4      | Reached skill level 9 in Axes
  3076 | D:4      | Reached XP level 7. HP: 57/57 MP: 6/6
  3180 | D:4      | Reached skill level 10 in Axes
  3244 | D:4      | Found a basalt altar of Yredelemnul.
  3577 | D:4      | Reached skill level 11 in Axes
  3759 | D:4      | Reached XP level 8. HP: 34/64 MP: 7/7
  3953 | D:4      | Reached **** piety under Trog
  4168 | D:5      | Entered Level 5 of the Dungeon
  4305 | D:5      | Reached skill level 12 in Axes
  4728 | D:5      | Found a stormy altar of Qazlal.
  4731 | D:5      | Noticed an air elemental
  4947 | D:5      | Found a white marble altar of Elyvilon.
  5481 | D:6      | Found a staircase to the Ecumenical Temple.
  5519 | D:6      | Reached skill level 13 in Axes
  5545 | D:6      | Found a shadowy altar of Dithmenos.
  5629 | D:6      | Noticed a hippogriff
  5641 | D:6      | Killed a hippogriff
  5816 | D:6      | Reached ***** piety under Trog
  6151 | D:6      | Noticed Dowan
  6157 | D:6      | Noticed Duvessa
  6177 | D:6      | Killed Duvessa
  6182 | D:6      | Killed Dowan
  6284 | D:7      | Reached XP level 9. HP: 68/70 MP: 8/8
  6364 | D:7      | Reached skill level 14 in Axes
  6449 | D:7      | Found Agefiti's General Store.
  6478 | D:7      | Reached skill level 1 in Evocations
  6479 | D:7      | Received a gift from Trog
  6965 | D:7      | Found Sumotual's Food Emporium.
  6998 | D:7      | Reached skill level 15 in Axes
  7471 | D:8      | Noticed Maurice
  7594 | D:8      | Reached XP level 10. HP: 17/80 MP: 5/10
  7601 | D:8      | Slain by an orc priest

Skill      XL: |  1  2  3  4  5  6  7  8  9 |
---------------+----------------------------+-----
Axes           | 4 5 6 7 8 9 11 13 15 | 15.9
Fighting       | 4 |  4.3
Dodging        | 3 |  3.1
Evocations     | 1 |  1.5
Armour         | |  2.4

Action                   |  1- 3 |  4- 6 |  7- 9 | 10-12 || total
-------------------------+-------+-------+-------+-------++-------
Melee: Hand axe          |   109 |   157 |   282 |       ||   548
       Headbutt          |    13 |    25 |    66 |       ||   104
       Executioner's axe |       |       |    68 |     5 ||    73
Invok: Berserk           |       |     1 |     2 |     1 ||     4
       Trog's Hand       |       |       |     2 |     1 ||     3
  Use: Scroll            |       |       |     8 |       ||     8
       Potion            |       |       |     2 |       ||     2
  Eat: Chunk             |     6 |     8 |    24 |       ||    38
Armor: Animal skin       |     1 |       |       |       ||     1
       Ring mail         |    14 |       |       |       ||    14
       Plate armour      |    28 |    63 |   146 |     4 ||   241
       Skin              |       |       |    11 |       ||    11
Dodge: Dodged            |    49 |    47 |    82 |     2 ||   180
